 Dungeon Crawl Stone Soup version 0.20.0-15-g7f486f2 (webtiles) character file.

143 skittles the Firebug (level 5, 0/38 HPs)
             Began as a Draconian Fire Elementalist on June 10, 2017.
             Was a Follower of Vehumet.
             Slain by an orc wizard
             ... wielding a +0 dagger of electrocution
              (18 damage)
             ... on level 3 of the Dungeon.
             The game lasted 00:06:14 (3052 turns).

skittles the Firebug (Draconian Fire Elementalist)  Turns: 3052, Time: 00:06:15

Health: 0/38       AC:  6    Str: 10    XL:     5   Next: 4%
Magic:  8/8        EV: 12    Int: 17    God:    Vehumet [*.....]
Gold:   125        SH:  0    Dex: 11    Spells: 7/8 levels left

rFire    . . .     SeeInvis .   n - +3 hand axe (distort)
rCold    . . .     Gourm    .   (no shield)
rNeg     . . .     Faith    .   (armour unavailable)
rPois    .         Spirit   .   (helmet restricted)
rElec    .         Reflect  .   (no cloak)
rCorr    .         Harm     .   (no gloves)
MR       .....                  e - +0 pair of boots
Stlth    ++........             (no amulet)
Regen    0.2/turn               (no ring)
MPRegen  0.2/turn               (no ring)

@: no status effects
A: unfitting armour, cold-blooded, AC +5
a: Renounce Religion


You were on level 3 of the Dungeon.
You worshipped Vehumet.
Vehumet was aware of your devotion.
You were not hungry.

You visited 1 branch of the dungeon, and saw 3 of its levels.

You collected 125 gold pieces.

Inventory:

Hand Weapons
 g - a +0 mace
 l - a +0 spear
 m - a -1 hand axe
 n - a +3 hand axe of distortion (weapon)
 q - a cursed -3 spear
Armour
 e - a +0 pair of boots (worn)
Scrolls
 p - a scroll of enchant weapon
 s - a scroll of magic mapping {unknown}
Potions
 c - a potion of magic
 h - a potion of curing
 j - a potion of mutation
 o - a potion of haste {unknown}
 r - a potion of might {unknown}
Books
 a - a book of Flames

   Spells                             Type                      Level
   a - Flame Tongue                   Conjuration/Fire             1
   b - Throw Flame                    Conjuration/Fire             2
   c - Conjure Flame                  Conjuration/Fire             3
   d - Inner Flame                    Hexes/Fire                   3
   e - Sticky Flame                   Conjuration/Fire             4
   f - Fireball                       Conjuration/Fire             5
Comestibles
 b - 2 bread rations
 d - a meat ration
 f - 4 fruits
 i - a royal jelly
 k - 2 chunks of flesh


   Skills:
 - Level 1.7 Dodging
 - Level 1.7 Stealth
 - Level 2.0 Spellcasting
 + Level 3.2 Conjurations
 + Level 4.7 Fire Magic


You had 7 spell levels left.
You knew the following spells:

 Your Spells              Type           Power        Failure   Level  Hunger
a - Flame Tongue          Conj/Fire      ###..        3%          1    #......


Dungeon Overview and Level Annotations

Branches:
Dungeon (3/15)

Altars:
Gozag
Vehumet


Innate Abilities, Weirdness & Mutations

Your plain brown scales are hard. (AC +5)
You cannot fit into any form of body armour.
You are cold-blooded and may be slowed by cold attacks.


Message History

The orc wizard hits you with a dagger of electrocution.
You barely miss the orc wizard.
The orc wizard gestures wildly while chanting.
The orc wizard blinks!
The orc wizard gestures wildly while chanting.
The orc wizard seems to speed up.
The orc wizard points at you and mumbles some strange words.
You resist with some effort.
You slash the orc!
The orc is almost dead.
The orc disappears!
The orc wizard gestures at you while chanting.
You resist with some effort.
The orc wizard gestures at you while chanting.
The magic dart hits you! The orc wizard casts a spell at you.
The magic dart hits you!
The orc wizard hits you but does no damage.
You are electrocuted!
You die...

#.# #.##.#
#####.#######.##.#
...##.......#.##.# #
###..............#.#
# #.#.........#..#.#
###.#..####.# #..#.#
...##..# # # #....#
....#..# ##.###†..##
###.#... .....o.@.#
. .##.####.###.#o#
..#.# .# #.#.# ..#.#
.. .. ....# ... #..
..#.. ##.. .## ..#..
##. ## . #. ##


You could see 2 orc wizards.

Vanquished Creatures
  An orc wizard (D:3)
  2 adders (D:2)
  An ooze (D:1)
  3 worms (D:2)
  4 dart slugs
  4 leopard geckos (D:2)
  4 orcs (D:3)
  A ball python (D:3)
  6 giant cockroaches
  8 goblins
  3 hobgoblins
  8 jackals
  8 bats
  3 frilled lizards
  6 kobolds
  8 rats
70 creatures vanquished.

Notes
Turn   | Place    | Note
-------+----------+-------------------------------------------
     0 | D:1      | skittles the Draconian Fire Elementalist began the quest for the Orb.
     0 | D:1      | Reached XP level 1. HP: 14/14 MP: 3/3
   220 | D:1      | Reached XP level 2. HP: 15/20 MP: 5/5
   747 | D:1      | Reached XP level 3. HP: 26/26 MP: 6/6
  1343 | D:2      | Reached skill level 4 in Fire Magic
  1740 | D:2      | Reached XP level 4. HP: 33/33 MP: 7/7
  1768 | D:2      | Found a radiant altar of Vehumet.
  1776 | D:2      | Became a worshipper of Vehumet
  2763 | D:3      | Found an opulent altar of Gozag.
  2899 | D:3      | Reached XP level 5. HP: 34/38 MP: 8/8
  3002 | D:3      | Reached * piety under Vehumet
  3002 | D:3      | Offered knowledge of Sandblast by Vehumet.
  3052 | D:3      | Slain by an orc wizard

Skill      XL: |  1  2  3  4 |
---------------+-------------+-----
Conjurations   | 2 3 |  3.2
Fire Magic     | 4 |  4.7
Dodging        | |  1.7
Stealth        | |  1.7
Spellcasting   | |  2.0

Action                   |  1- 3 |  4- 6 || total
-------------------------+-------+-------++-------
Melee: Mace              |    34 |       ||    34
       Unarmed           |     6 |       ||     6
       Hand axe          |    87 |    95 ||   182
       Tailslap          |     6 |     4 ||    10
       Spear             |     1 |       ||     1
 Cast: Flame Tongue      |    16 |    17 ||    33
  Use: Scroll            |     5 |     3 ||     8
 Stab: Sleeping          |     4 |     2 ||     6
  Eat: Chunk             |     3 |     5 ||     8
Armor: Skin              |    50 |    41 ||    91
Dodge: Dodged            |   121 |    68 ||   189
